 Dungeon Crawl Stone Soup version 0.22-a0-422-g9628fc8 (webtiles) character file.

67 iamserjio the Changer (level 4, -6/22 HPs)
             Began as a Spriggan Transmuter on May 22, 2018.
             Was a Follower of Uskayaw.
             Mangled by Crazy Yiuf
             ... wielding a +2 quarterstaff of chaos
              (10 damage)
             ... on level 2 of the Dungeon.
             The game lasted 00:06:02 (3060 turns).

iamserjio the Changer (Spriggan Transmuter)         Turns: 3060, Time: 00:06:03

Health: -6/22      AC:  2    Str:  7    XL:     4   Next: 0%
Magic:  6/9        EV: 23    Int: 14    God:    Uskayaw [*.....]
Gold:   152        SH:  0    Dex: 21    Spells: 3/9 levels left

rFire    . . .     SeeInvis +     - Unarmed
rCold    . . .     Gourm    .   (shield currently unavailable)
rNeg     . . .     Faith    .   (armour currently unavailable)
rPois    x         Spirit   .   (helmet currently unavailable)
rElec    .         Reflect  .   (cloak currently unavailable)
rCorr    .         Harm     .   (gloves unavailable)
MR       .....                  (boots unavailable)
Stlth    ++........             (no amulet)
HPRegen  0.07/turn              (no ring)
MPRegen  0.11/turn              (no ring)

@: spider-form (expiring), slowed, very slow
A: tiny, unfitting armour, see invisible, herbivore, slow metabolism 2
a: End Transformation, Stomp, Renounce Religion


You were on level 2 of the Dungeon.
You worshipped Uskayaw.
Uskayaw was noncommittal.
You were hungry.
You were a venomous arachnid creature.
You visited 1 branch of the dungeon, and saw 2 of its levels.

You collected 152 gold pieces.

Inventory:

Missiles
 a - 5 arrows
 e - 6 needles of confusion
 f - 83 stones (quivered)
Armour
 b - a +0 robe (melded)
Jewellery
 h - an uncursed amulet of faith {unknown}
 i - an uncursed ring of stealth {unknown}
 l - a +3 ring of protection {unknown}
Wands
 o - a wand of enslavement (15)
Scrolls
 g - 2 scrolls of identify {unknown}
 m - 3 scrolls of remove curse {unknown}
 n - a scroll of random uselessness {unknown}
 p - a scroll of noise {unknown}
Potions
 c - a potion of lignification {unknown}
 j - a potion of resistance {unknown}
 k - a potion of brilliance {unknown}
Comestibles
 d - 5 rations


   Skills:
 + Level 1.4 Fighting
 + Level 3.9 Dodging
 + Level 2.5 Unarmed Combat
 - Level 3.0 Spellcasting
 * Level 4.2 Transmutations
 + Level 0.2 Invocations


You had 3 spell levels left.
You knew the following spells:

 Your Spells              Type           Power        Failure   Level  Hunger
a - Beastly Appendage     Tmut           ##....       12%         1    #......
b - Sticks to Snakes      Tmut           ##......     17%         2    ##.....
c - Spider Form           Tmut/Pois      #.........   47%         3    ###....

Your spell library contained the following spells:

 Spells                   Type           Power        Failure   Level  Hunger
 Blade Hands              Tmut           ##........   87%         5    ######.
 Ice Form                 Ice/Tmut       #.......     83%         4    #####..


Dungeon Overview and Level Annotations

Branches:
Dungeon (2/15)

Altars:
Uskayaw
Zin

Annotations:
D:2 Crazy Yiuf


Innate Abilities, Weirdness & Mutations

You are very small and have problems with some larger weapons.
You are too small for most types of armour.
You have supernaturally acute eyesight. (SInv)
You are a herbivore.
((You cover ground extremely quickly.))
You need to consume almost no food.


Message History

You turn into a venomous arachnid creature.
Your +0 robe melds into your body.
You open the door.
Crazy Yiuf the Enlightened comes into view.
He is wielding a quarterstaff of chaos.
Your transformation is almost over.
Found a mace.
There is an open door here.
The helpless Crazy Yiuf fails to defend himself.
You hit Crazy Yiuf.
Crazy Yiuf is poisoned.
Crazy Yiuf is lightly wounded.
Crazy Yiuf hits you with a quarterstaff of chaos!
Ouch! That really hurt!
You are confused.
You feel less confused.
Crazy Yiuf hits you with a quarterstaff of chaos!
* * * LOW HITPOINT WARNING * * *
You feel yourself slow down.
You see here a mace.
Crazy Yiuf hits you with a quarterstaff of chaos!
You die...

###.#####....#####.#
#................#.#
#.#.#####....###.#.#
# #....## ##.#.#
#.#.# ####.....#
##### #####
........## ######.##
##### # #.# ###
#)g.# ### #.# #.#
#s..# ..# ##'## #.#
#...# #.###...###.#
##'## #.##.....##.#
♣.♣♣ #.#.......#.#
♣♣.♣ #..........##
♣.♣♣ ...........'#
♣♣.♣ #..........##
♣♣.♣♣ ..#.......##
♣♣...♣


You could see Crazy Yiuf.

Vanquished Creatures
  An adder (D:2)
  An ooze (D:2)
  2 worms (D:2)
  2 leopard geckos
  3 bats
  3 giant cockroaches
  4 goblins
  2 hobgoblins (D:1)
  7 kobolds
  A ball python (D:2)
  4 frilled lizards
  7 rats
37 creatures vanquished.

Vanquished Creatures (collateral kills)
  A worker ant (D:2)
  An adder (D:2)
2 creatures vanquished.

Grand Total: 39 creatures vanquished

Notes
Turn   | Place    | Note
-------+----------+-------------------------------------------
     0 | D:1      | iamserjio the Spriggan Transmuter began the quest for the Orb.
     0 | D:1      | Reached XP level 1. HP: 9/9 MP: 5/5
   147 | D:1      | Reached skill level 3 in Transmutations
   205 | D:1      | Reached skill level 1 in Fighting
   235 | D:1      | Reached XP level 2. HP: 14/14 MP: 4/6
   239 | D:1      | Learned a level 2 spell: Sticks to Snakes
   724 | D:2      | Found a hide-covered altar of Uskayaw.
  1391 | D:2      | Reached XP level 3. HP: 18/18 MP: 6/8
  1661 | D:2      | Became a worshipper of Uskayaw the Reveler
  1698 | D:2      | Found a runed door.
  1779 | D:2      | Reached * piety under Uskayaw
  1961 | D:2      | Learned a level 3 spell: Spider Form
  2191 | D:2      | Reached skill level 4 in Transmutations
  2684 | D:2      | Found a glowing silver altar of Zin.
  2695 | D:2      | Reached XP level 4. HP: 12/22 MP: 4/9
  3054 | D:2      | Noticed Crazy Yiuf
  3060 | D:2      | Mangled by Crazy Yiuf

Vault maps used:
D:1:      minmay_arrival_doors, minmay_parallelograms
D:2:      overflow_temple_1_default, nicolae_overflow_hidden_temple,
          minmay_tetromino_s2, uniq_crazy_yiuf_cottage

Skill      XL: |  1  2  3 |
---------------+----------+-----
Transmutations | 3 4 |  4.2
Fighting       | 1 |  1.4
Spellcasting   | 3 |  3.0
Dodging        | |  3.9
Unarmed Combat | |  2.5
Invocations    | |  0.2

Action                   |  1- 3 |  4- 6 || total
-------------------------+-------+-------++-------
Melee: Unarmed           |   144 |     1 ||   145
       Kick              |    25 |       ||    25
       Headbutt          |     7 |       ||     7
 Cast: Beastly Appendage |    21 |       ||    21
       Sticks to Snakes  |     7 |       ||     7
       Spider Form       |       |     1 ||     1
 Stab: Sleeping          |     2 |     1 ||     3
       Distracted        |     1 |       ||     1
Armor: Robe              |     9 |       ||     9
Dodge: Dodged            |   109 |       ||   109

Table legend:
 A = Spawn XP
 B = Non-spawn XP
 C = Spawn XP percentage of total XP
 D = Spawn monster count
 E = Non-spawn monster count
 F = Spawn count percentage of total count
 G = Total turns spent on level
                    A         B        C        D         E        F      G
               +---------+---------+-------+---------+---------+-------+---------
         Total |       0 |      97 |   0.0 |       0 |      39 |   0.0 |  3060
               +---------+---------+-------+---------+---------+-------+---------
           D:1 |       0 |      28 |   0.0 |       0 |      18 |   0.0 |   891
           D:2 |       0 |      69 |   0.0 |       0 |      21 |   0.0 |  2169
               +---------+---------+-------+---------+---------+-------+---------
